 Dungeon Crawl Stone Soup version 0.22.1-1-ga44c0e5 (webtiles) character file.

4 nixmar the Skirmisher (level 1, 19/19 HPs)
             Began as a Barachi Fighter on Oct 22, 2018.
             Quit the game on level 1 of the Dungeon.
             The game lasted 00:00:36 (123 turns).

nixmar the Skirmisher (Barachi Fighter)              Turns: 123, Time: 00:00:37

Health: 19/19      AC:  6    Str: 17    XL:     1   Next: 60%
Magic:  1/1        EV:  7    Int:  8    God:
Gold:   16         SH:  9    Dex: 11    Spells: 0/0 levels left

rFire    . . .     SeeInvis .   a - +0 long sword
rCold    . . .     Gourm    .   c - +0 shield
rNeg     . . .     Faith    .   b - +0 scale mail
rPois    .         Spirit   .   (no helmet)
rElec    .         Reflect  .   (no cloak)
rCorr    .         Harm     .   (no gloves)
MR       .....                  (no boots)
Stlth    ..........             (no amulet)
HPRegen  0.06/turn              (no ring)
MPRegen  0.07/turn              (no ring)

@: slow
A: +LOS, swims, slowness 1, strong legs 1
a: Hop


You were on level 1 of the Dungeon.
You were not hungry.

You visited 1 branch of the dungeon, and saw 1 of its levels.

You collected 16 gold pieces.

Inventory:

Hand Weapons
 a - a +0 long sword (weapon)
Armour
 b - a +0 scale mail (worn)
 c - a +0 shield (worn)
Scrolls
 f - 2 scrolls of blinking {unknown}
 h - a scroll of identify {unknown}
Potions
 d - a potion of might {@q4}
Comestibles
 e - a ration
 g - 5 chunks of flesh


   Skills:
 + Level 3.8 Fighting
 + Level 2.7 Long Blades
 - Level 3.6 Armour
 - Level 3.2 Shields


You couldn't memorise any spells.
You didn't know any spells.
Your spell library was empty.

Dungeon Overview and Level Annotations

Branches:
Dungeon (1/15)

Altars:


Innate Abilities, Weirdness & Mutations

Shadows flee at your approach. (+LOS)
You can swim through water.
You cover ground slowly.
You can hop short distances.


Message History

e - a ration You become Terence!
Welcome, nixmar the Barachi Fighter.
Will you be the one to retrieve the fabulous Orb of Zot from the depths?
Press ? for a list of commands and other information.
Found a staircase leading out of the dungeon.
f - a scroll labeled IVEAMM AMPOREGH You now have 11 gold pieces.
A rat comes into view.
The rat bites you but does no damage. The rat completely misses you.
You hit the rat.
The rat is moderately wounded.
You block the rat's attack.
You barely miss the rat.
The rat is moderately wounded.
The rat bites you but does no damage. The rat closely misses you.
You hit the rat.
The rat is severely wounded.
The rat bites you but does no damage.
You slash the rat!
You kill the rat!
Health restored: 19 You see here a rat corpse.
You butcher the rat corpse.
g - a chunk of flesh 2 rats come into view.
Found a stone staircase leading down.
You barely miss the rat. The rat bites you but does no damage.
You barely miss the rat. The rat barely misses you.
The rat bites you but does no damage.
You barely miss the rat. You block the rat's attack.
You slash the rat!
You kill the rat!
You block the rat's attack. The rat bites you but does no damage.
You hit the rat.
You kill the rat!
No target in view!
No target in view!
No target in view!
No target in view!
No target in view!
No target in view!
No target in view!
No target in view!
No target in view!
No target in view!
No target in view!
No target in view!
No target in view!
No target in view!
No target in view!
You butcher the rat corpse.
g - 2 chunks of flesh (gained 1)
You butcher the rat corpse.
g - 3 chunks of flesh (gained 1)
f - 2 scrolls labeled IVEAMM AMPOREGH (gained 1)
A leopard gecko comes into view.
The leopard gecko hisses angrily.
A leopard gecko is nearby!
The leopard gecko bites you.
You take 2 damage, and have 17/19 hp.
You closely miss the leopard gecko. The leopard gecko barely misses you.
You riposte.
You slash the leopard gecko!
You kill the leopard gecko!
No target in view!
No target in view!
No target in view!
No target in view!
No target in view!
No target in view!
No target in view!
No target in view!
No target in view!
No target in view!
No target in view!
No target in view!
HP restored.
You butcher the leopard gecko corpse.
g - 5 chunks of flesh (gained 2)
You see here a leopard gecko skeleton. x2
Health restored: 19
h - a scroll labeled WAH UVVONEF You now have 16 gold pieces (gained 5).
A bat comes into view.
The bat moves out of view.
Are you sure you want to abandon this character and quit the game? (Confirm

█..........█████
██..............█
██.....██.████.█
██....██.█ ██
█..█.██.█ ..
█..█.██.███ .█
█.........██..█
█.██.██.......█
█.██.█


█@██ █.██.████.██..███ █.██.............. █.██████████...... █.█ █████ █.. ███
There were no monsters in sight!

Vanquished Creatures
  A leopard gecko (D:1)
  3 rats (D:1)
4 creatures vanquished.

Notes
Turn   | Place    | Note
-------+----------+-------------------------------------------
     0 | D:1      | nixmar the Barachi Fighter began the quest for the Orb.
     0 | D:1      | Reached XP level 1. HP: 18/18 MP: 1/1
   123 | D:1      | Quit the game

Action                   || total
-------------------------++-------
Melee: Long sword        ||    10
Armor: Scale mail        ||     6
Dodge: Dodged            ||     4
Block: Shield            ||     3
       Rpst.: Long sword ||     1

Vault maps used:
D:1:      dpeg_arrival_three_same_balls, st_stairs_9, minmay_rat_gold_closets
